 Dungeon Crawl Stone Soup version 0.27-a0-1431-gcffa5a9b16 (webtiles) character file.

Game seed: 12475039930708714735

344610 robertstho the Slayer (level 20, -9/211 HPs)
             Began as a Minotaur Berserker on July 2, 2021.
             Was the Champion of Trog.
             Mangled by a peacekeeper (18 damage)
             ... while paralysed by a sphinx
             ... on level 3 of the Vaults.
             The game lasted 01:34:43 (42186 turns).

robertstho the Slayer (Minotaur Berserker)         Turns: 42186, Time: 01:34:43

Health: -9/211     AC: 38    Str: 37    XL:     20   Next: 78%
Magic:  6/6        EV:  2    Int:  5    God:    Trog [******]
Gold:   4110       SH:  0    Dex:  9    Spells: 19/19 levels left

rFire    + + .     SeeInvis +   a - +2 broad axe (antimagic)
rCold    . . .     Faith    .   q - +0 kite shield {reflect}
rNeg     + . .     Spirit   .   l - +7 plate armour of Catatonia {rF++ rC- rN+ SInv}
rPois    +         Reflect  +   (helmet restricted)
rElec    .         Harm     .   H - +2 cloak
rCorr    +         Rampage  .   Q - +1 pair of gloves
Will     +....                  X - +1 pair of boots
Stlth    ..........             C - amulet of regeneration
HPRegen  1.45/turn              b - +6 ring of strength
MPRegen  0.10/turn              A - ring of Derekeed {Fly rPois rC+ rCorr Stlth+}

@: paralysed, flying
A: horns 2, retaliatory headbutt, iridescent scales 1, sturdy frame 1
}: 3/15 runes: decaying, abyssal, gossamer
a: Renounce Religion, Berserk, Trog's Hand, Brothers in Arms


You were on level 3 of the Vaults.
You worshipped Trog.
Trog was exalted by your worship.
You visited 7 branches of the dungeon, and saw 37 of its levels.
You visited the Abyss 3 times.
You also visited: Bailey, Ice Cave and Volcano.

You collected 5488 gold pieces.
You spent 1378 gold pieces at shops.

Inventory:

Hand Weapons
 a - a +2 antimagic broad axe (weapon)
 f - the +6 battleaxe of Usothro {flame, rN+}
   (Trog gifted it to you on level 5 of the Lair of Beasts)

   It has been specially enchanted to burn those struck by it, causing extra
   injury to most foes and up to half again as much damage against particularly
   susceptible opponents.
   Big, fiery blades are also staple armaments of hydra-hunters.
   rN:        It protects you from negative energy.
Missiles
 d - a throwing net (quivered)
Armour
 k - a +2 chain mail of fire resistance
 l - the +7 plate armour of Catatonia (worn) {rF++ rC- rN+ SInv}
   (You found it on level 7 of the Dungeon)

   rF:        It greatly protects you from fire.
   rC:        It makes you vulnerable to cold.
   rN:        It protects you from negative energy.
   SInv:      It lets you see invisible.
 q - a +0 kite shield of reflection (worn)
 z - the +4 kite shield of Negligence {+Inv rC+ Stlth-}
   (You bought it in a shop on level 1 of the Elven Halls)

   rC:        It protects you from cold.
   +Inv:      It lets you turn invisible.
   Stlth:     It makes you less stealthy.
 H - a +2 cloak (worn)
 P - +3 storm dragon scales {Bai Suzhen}
 Q - a +1 pair of gloves (worn)
 X - a +1 pair of boots (worn)
Jewellery
 b - a +6 ring of strength (left hand)
 e - a ring of protection from cold
 g - a ring of willpower
 h - a +6 ring of strength
 n - a ring of protection from fire
 A - the ring of Derekeed (right hand) {Fly rPois rC+ rCorr Stlth+}
   (You bought it in a shop on level 3 of the Elven Halls)

   [ring of protection from cold]

   rC:        It protects you from cold.
   rPois:     It protects you from poison.
   Fly:       It grants you flight.
   rCorr:     It protects you from acid and corrosion.
   Stlth:     It makes you more stealthy.
 C - an amulet of regeneration (around neck)
 Z - a ring of protection from cold
Wands
 m - a wand of acid (21)
 G - a wand of digging (23)
 U - a wand of iceblast (23)
 V - a wand of mindburst (26)
Scrolls
 o - 5 scrolls of blinking
 p - 3 scrolls of teleportation
 u - 7 scrolls of fog
 x - 6 scrolls of enchant armour
 y - 3 scrolls of summoning
 B - 3 scrolls of fear
 J - 3 scrolls of silence
 L - 4 scrolls of enchant weapon
 N - a scroll of magic mapping
 O - 11 scrolls of identify
 W - a scroll of holy word
Potions
 c - a potion of invisibility
 i - a potion of resistance
 j - 5 potions of flight
 s - 6 potions of might
 t - 2 potions of mutation
 v - 5 potions of ambrosia
 D - 8 potions of haste
 I - 2 potions of attraction
 M - 4 potions of heal wounds
 R - 10 potions of curing
Miscellaneous
 w - a box of beasts
 E - a tin of tremorstones (2/2)
 K - a lightning rod (4/4)
 S - a lightning rod (4/4)
 T - a phantom mirror
 Y - a condenser vane


   Skills:
 * Level 25.5 Fighting
 + Level 22.5 Axes
 + Level 3.0 Staves
 * Level 21.7 Armour
 + Level 6.6 Dodging
 + Level 3.2 Stealth
 + Level 8.6 Shields
 + Level 2.0 Evocations


You had 19 spell levels left.
You didn't know any spells.
Your spell library was empty.

Dungeon Overview and Level Annotations

Branches:
Dungeon (15/15)            Temple (0/1) D:5            Lair (6/6) D:8
  Swamp (4/4) Lair:2       Spider (4/4) Lair:4        Slime (0/5) Lair:5
    Orc (2/2) D:11            Elf (3/3) Orc:2        Vaults (3/5) D:14
  Crypt (0/3) Vaults:2     Depths (0/5) D:15         Bailey (visited)
  IceCv (visited)         Volcano (visited)

Altars:
Cheibriados
Dithmenos
Elyvilon
Fedhas
Makhleb
Qazlal
Sif Muna
Trog
Vehumet
Wu Jian
Xom
Yredelemnul
Zin
The Shining One

Shops:
D:8 *   D:12 =   D:13 ([   Orc:1 *   Orc:2 *(((   Elf:1 (?[:   Elf:2 :
Elf:3 :=   Vaults:1 =:

Annotations:
D:5 2 transporters, Sobieck's ghost, novice GnVM


Innate Abilities, Weirdness & Mutations

You have a pair of horns on your head.
You reflexively headbutt those who attack you in melee.
You are partially covered in iridescent scales. (AC +2)
Your movements are slightly less encumbered by armour. (ER -2)


Message History

An ironbound convoker comes into view. It is wielding a +0 flail.
The peacekeeper bites you!
The peacekeeper claws you but does no damage.
The sphinx mumbles some strange words.
You suddenly lose the ability to move!
The red ugly thing tentacle-slaps you.
You are engulfed in flames.
You resist. The war gargoyle completely misses you. The peacekeeper bites you!
The peacekeeper claws you but does no damage.
The sphinx hits you but does no damage. x3
The war gargoyle hits you but does no damage.
The peacekeeper barely misses you.
The peacekeeper claws you but does no damage.
The war gargoyle hits you with a +0 morningstar!!
The sphinx hits you but does no damage. x3
The peacekeeper bites you but does no damage.
The peacekeeper claws you but does no damage.
The red ugly thing tentacle-slaps you but does no damage.
The war gargoyle hits you with a +0 morningstar!!
The peacekeeper bites you but does no damage.
The peacekeeper claws you but does no damage.
The crystal guardian hits you!!
* * * LOW HITPOINT WARNING * * *
The sphinx hits you but does no damage. x3
The red ugly thing tentacle-slaps you but does no damage.
The war gargoyle hits you with a +0 morningstar!
* * * LOW HITPOINT WARNING * * *
The peacekeeper bites you!
* * * LOW HITPOINT WARNING * * *
The peacekeeper claws you but does no damage.
The sphinx hits you but does no damage. x3
The crystal guardian hits you but does no damage.
The ironbound convoker gestures at the peacekeeper while chanting.
The peacekeeper seems to grow stronger.
The peacekeeper bites you!!
* * * LOW HITPOINT WARNING * * *
The peacekeeper claws you but does no damage.
The war gargoyle hits you with a +0 morningstar.
* * * LOW HITPOINT WARNING * * *
The red ugly thing tentacle-slaps you but does no damage.
The peacekeeper bites you!!
You die...

.. .<.##
..#[ #
##... .#
$... .#
..###.#
#pu..#
#988.#
#)@u.#
......H)..#
#+#########


You could see a sphinx, 2 ugly things, a crystal guardian, a war gargoyle
(strong), an ironbound convoker and a peacekeeper (strong).

Vanquished Creatures
  Bai Suzhen (Swamp:3)
  Nikola (Swamp:3)
  A bone dragon (Abyss:3)
  Rupert (Spider:1)
  Jorgrun (Orc:1)
  A tentacled monstrosity (Swamp:4)
  2 deep elf blademasters
  3 deep elf master archers (Elf:3)
  A tentacled starspawn (Abyss:3)
  Donald (Spider:2)
  3 vault wardens (Vaults:1)
  5 deep elf sorcerers (Elf:3)
  5 ghost moths
  A deep elf elementalist (Elf:3)
  A ghoul (Swamp:4)
  A very ugly thing (Swamp:4)
  9 ironbound preservers
  7 emperor scorpions
  A war gargoyle (Vaults:2)
  A vampire knight (Vaults:2)
  An ophan (Abyss:3)
  A black draconian (Abyss:3)
  The ghost of mdk the Slicer, a journeyman VSMo of Makhleb (Orc:2)
  5 deep elf demonologists
  4 entropy weavers
  A white draconian (IceCv)
  A dire elephant (Vaults:1)
  A spark wasp (Spider:4)
  3 bunyips
  2 deep elf annihilators
  2 green deaths (Swamp:4)
  7 deep elf death magi (Elf:3)
  A crystal guardian (Vaults:1)
  6 eleionomae
  3 yaktaur captains
  2 fire dragons (D:15)
  A rakshasa (Abyss:3)
  4 deep elf high priests (Elf:3)
  2 shambling mangroves
  Harold (D:7)
  Fannar (D:11)
  Josephine (Spider:1)
  A vault guard (Vaults:1)
  A peacekeeper (Vaults:1)
  An ironbound thunderhulk (Vaults:2)
  Erolcha (D:13)
  3 great orbs of eyes (Vaults:1)
  4 boulder beetles
  3 catoblepae (Lair:6)
  A ghost crab (Swamp:4)
  3 centaur warriors
  12 hydras
  2 ironbound frosthearts (Vaults:2)
  8 alligators
  10 two-headed ogres
  26 dancing weapons
  4 tengu warriors
  9 death yaks
  6 orc high priests
  A thrashing horror (Swamp:4)
  An ironbound beastmaster (Vaults:1)
  Urug (D:10)
  14 deep elf knights
  2 sixfirhies (Abyss:3)
  2 wretched stars (Abyss:3)
  A fire crab (Lair:5)
  4 goliath frogs
  A spatial maelstrom (Abyss:3)
  3 large abominations
  A shadow wraith (Abyss:3)
  A spriggan druid (Swamp:2)
  5 bog bodies (Swamp:4)
  A death drake (Swamp:2)
  7 swamp dragons
  17 deep trolls
  14 deep elf archers
  4 ironbound convokers
  5 orc knights (Orc:2)
  7 wizards
  A necromancer (Lair:4)
  6 oklob plants
  21 ugly things
  30 wolf spiders
  36 deep elf pyromancers
  33 deep elf zephyrmancers
  2 cyclopes
  5 manticores
  2 orc sorcerers
  16 orb spiders
  2 will-o-the-wisps
  A faun (shapeshifter) (Vaults:1)
  25 slime creatures
  7 elephants
  8 vault sentinels
  A moth of wrath (Spider:1)
  7 black mambas
  6 torpor snails
  A guardian serpent (Abyss:3)
  2 orange demons (Swamp:4)
  11 cane toads
  2 gargoyles (D:12)
  5 rime drakes
  10 yaktaurs
  An efreet (D:14)
  8 komodo dragons
  9 demonic crawlers
  31 jumping spiders
  2 ancient zymes (Abyss:3)
  6 trolls
  6 tyrant leeches
  3 meliai (D:15)
  20 hornets
  Prince Ribbit (D:8)
  19 polar bears
  35 blink frogs
  5 dream sheep (Lair:5)
  3 raiju (Abyss:3)
  Sigmund (D:6)
  5 small abominations (Abyss:3)
  64 redbacks
  2 shadows (Swamp:4)
  5 vampires
  A redback (shapeshifter) (Elf:3)
  9 spriggans
  9 starcursed masses (Abyss:3)
  5 water elementals
  2 air elementals
  31 tarantellas
  2 wyverns
  5 wraiths
  51 yaks
  A basilisk (Lair:3)
  A steam dragon (D:8)
  9 fire elementals
  4 vampire mosquitoes (Swamp:2)
  A chaos spawn (Abyss:3)
  A neqoxec (Abyss:3)
  Menkaure (D:7)
  2 wargs (Orc:2)
  2 spatial vortices (Abyss:3)
  3 acid dragons
  10 swamp worms
  15 water moccasins
  9 hell hounds
  6 swamp drakes
  3 necrophages
  3 black bears
  36 orc warriors
  A black bear (shapeshifter) (D:15)
  A sky beast (D:7)
  A black mamba simulacrum (Abyss:3)
  2 boggarts (Vaults:1)
  3 ogres
  9 ice beasts
  15 wolves
  2 centaurs
  A phantom (D:7)
  5 kobold brigands
  2 gnoll sergeants (D:12)
  13 bullfrogs
  A water moccasin zombie (D:5)
  A wyvern zombie (D:7)
  3 earth elementals
  3 scorpions
  9 killer bees
  10 electric eels
  5 wights (D:7)
  2 howler monkeys
  A bullfrog zombie (D:6)
  3 centaur zombies
  2 centaur skeletons
  27 orc priests
  A gnoll shaman (D:5)
  6 hounds
  A human zombie (D:4)
  Crazy Yiuf (D:6)
  2 bullfrog skeletons
  2 iron imps (Abyss:3)
  2 iguanas
  28 orc wizards
  A yak simulacrum (Lair:4)
  A scorpion zombie (D:4)
  Natasha (thrice) (D:3)
  3 polar bear simulacra (Lair:4)
  5 wolf simulacra (Lair:4)
  2 hound zombies (D:4)
  3 mummies (D:4)
  2 howler monkey zombies
  23 gnolls
  6 adders
  A shadow imp (D:8)
  A white imp (D:6)
  An ufetubus (D:4)
  3 adder zombies (D:4)
  An adder skeleton (D:4)
  3 worms
  2 dart slugs (D:3)
  66 orcs
  2 endoplasms (D:2)
  7 giant cockroaches
  12 goblins
  12 hobgoblins
  11 jackals
  33 kobolds
  2 quokkas
  5 ball pythons
  9 bats
  4 frilled lizards
  2 rats
  2 river rat simulacra (Lair:4)
1366 creatures vanquished.

Vanquished Creatures (collateral kills)
  A deep elf blademaster (Elf:3)
  Louise (Spider:2)
  A ghost moth (Spider:1)
  2 deep elf elementalists (Elf:3)
  A starcursed mass (Abyss:3)
  A deep elf demonologist (Elf:3)
  A naga warrior (Abyss:3)
  3 deep elf high priests (Elf:3)
  2 hydras
  A centaur warrior (D:14)
  A boulder beetle (Spider:4)
  A catoblepas (D:14)
  A dancing weapon (Elf:3)
  A soul eater (Abyss:3)
  2 deep elf knights (Elf:3)
  An orc knight (Orc:2)
  A bog body (Swamp:4)
  3 ugly things (D:14)
  4 wolf spiders
  A large abomination (Swamp:4)
  6 orb spiders
  A cyclops (D:12)
  A worldbinder (Abyss:3)
  An apocalypse crab (Abyss:3)
  A torpor snail (Spider:1)
  A smoke demon (Abyss:3)
  4 jumping spiders
  A slime creature (Swamp:4)
  4 hornets
  4 redbacks (Spider:1)
  2 spriggans (Swamp:3)
  4 tarantellas
  A shadow (Swamp:4)
  3 nagas (Abyss:3)
  5 orc priests (Orc:2)
  2 small abominations (Abyss:3)
  4 orcs (Orc:2)
75 creatures vanquished.

Vanquished Creatures (others)
  A ghost crab (Swamp:3)
  2 deep elf knights
  2 deep elf pyromancers
  A deep elf zephyrmancer (Elf:2)
  A demonic crawler (Spider:1)
  A bloated husk (Swamp:1)
  A tyrant leech (Swamp:4)
  A tarantella (Spider:3)
  2 water elementals (Elf:1)
  A boggart (Vaults:1)
  A wolf (IceCv)
  10 foxfires
  17 fungi
  2 lurking horrors (Abyss:3)
  31 plants
74 creatures vanquished.

Grand Total: 1515 creatures vanquished

Notes
Turn   | Place    | Note
-------+----------+-------------------------------------------
     0 | D:1      | robertstho the Minotaur Berserker began the quest for the
                  | Orb.
     0 | D:1      | Reached XP level 1. HP: 19/19 MP: 0/0
    60 | D:1      | Found a faded altar of an unknown god.
    82 | D:1      | Reached skill level 4 in Fighting
   301 | D:1      | Reached XP level 2. HP: 27/27 MP: 1/1
   577 | D:1      | You fall into a shaft and drop 1 floor!
   743 | D:2      | Reached XP level 3. HP: 27/34 MP: 2/2
   919 | D:2      | Reached ** piety under Trog
  1565 | D:3      | Found a shadowy altar of Dithmenos.
  1813 | D:3      | Noticed Natasha
  1823 | D:3      | Killed Natasha
  1824 | D:3      | Reached skill level 5 in Fighting
  1824 | D:3      | Reached XP level 4. HP: 38/42 MP: 3/3
  2147 | D:3      | Noticed Natasha
  2155 | D:3      | Killed Natasha
  2310 | D:3      | Noticed Natasha
  2318 | D:3      | Killed Natasha
  2319 | D:3      | Reached XP level 5. HP: 45/48 MP: 4/4
  2458 | D:3      | Reached *** piety under Trog
  2459 | D:3      | Reached skill level 5 in Axes
  3036 | D:4      | Reached XP level 6. HP: 33/57 MP: 5/5
  3327 | D:4      | Reached skill level 6 in Fighting
  3477 | D:4      | Reached skill level 1 in Stealth
  3553 | D:4      | Reached XP level 7. HP: 59/64 MP: 6/6
  3578 | D:4      | Found a basalt altar of Yredelemnul.
  4011 | D:4      | Reached skill level 7 in Fighting
  4116 | D:4      | Found a radiant altar of Vehumet.
  4412 | D:5      | Entered Level 5 of the Dungeon
  4744 | D:5      | Noticed a hornet
  4804 | D:5      | Reached XP level 8. HP: 49/73 MP: 7/7
  4828 | D:5      | You fall into a shaft and drop 1 floor!
  4836 | D:6      | Reached skill level 5 in Armour
  5257 | D:5      | Noticed Sobieck's ghost (novice GnVM)
  5260 | D:5      | Found a transporter.
  5369 | D:5      | Found a staircase to the Ecumenical Temple.
  5650 | D:5      | Found a transporter.
  5868 | D:6      | Reached skill level 8 in Fighting
  6279 | D:6      | Reached **** piety under Trog
  6786 | D:6      | Noticed Sigmund
  6792 | D:6      | Killed Sigmund
  6848 | D:6      | Reached skill level 9 in Fighting
  6966 | D:6      | Found a runed translucent door.
  6967 | D:6      | Noticed Crazy Yiuf
  7126 | D:6      | Killed Crazy Yiuf
  7174 | D:7      | Identified the +7 plate armour of Catatonia {rF++ rC- rN+
                  | SInv}
  7252 | D:7      | Reached XP level 9. HP: 73/83 MP: 8/8
  7252 | D:7      | Found a blossoming altar of Fedhas.
  7260 | D:7      | Noticed Menkaure
  7261 | D:7      | Noticed Harold
  7266 | D:7      | Killed Menkaure
  7274 | D:7      | Killed Harold
  7345 | D:7      | Found a stormy altar of Qazlal.
  7496 | D:7      | Identified the +7 quarterstaff of the Glimmering Wasp
                  | {antimagic, rCorr Stlth+}
  7601 | D:7      | Found a bloodstained altar of Trog.
  8099 | D:8      | Reached skill level 10 in Axes
  8236 | D:8      | Found Riecig's Serpentskin Sales.
  8247 | D:8      | Bought a +1 war axe of venom for 168 gold pieces
  8277 | D:8      | Found an ornate altar of the Wu Jian Council.
  8421 | D:8      | Found a staircase to the Lair.
  8432 | D:8      | Reached XP level 10. HP: 78/92 MP: 9/9
  8611 | D:8      | Found a snail-covered altar of Cheibriados.
  8612 | D:8      | Found a shimmering altar of Xom.
  8622 | D:8      | Reached skill level 10 in Armour
  8785 | D:8      | Reached ***** piety under Trog
  8824 | D:8      | Found a glowing golden altar of the Shining One.
  8824 | D:8      | Found a glowing silver altar of Zin.
  8922 | D:8      | Noticed Prince Ribbit
  8929 | D:8      | Killed Prince Ribbit
  8977 | D:8      | Found a burning altar of Makhleb.
  9121 | D:9      | Reached skill level 10 in Fighting
  9174 | D:9      | Noticed a two-headed ogre
  9181 | D:9      | Killed a two-headed ogre
 10203 | D:10     | Entered Level 10 of the Dungeon
 10206 | D:10     | Noticed Urug
 10206 | D:10     | Noticed a two-headed ogre
 10210 | D:10     | Killed a two-headed ogre
 10212 | D:10     | Noticed a two-headed ogre
 10220 | D:10     | Killed a two-headed ogre
 10222 | D:10     | Reached XP level 11. HP: 28/101 MP: 10/10
 10222 | D:10     | Killed Urug
 10231 | D:10     | Noticed a two-headed ogre
 10434 | D:10     | Killed a two-headed ogre
 10501 | D:10     | Identified the +8 quarterstaff of a treasure trove {vorpal,
                  | rPois Int-4 SInv} (Trog gifted it to you on level 10 of the
                  | Dungeon)
 10501 | D:10     | Received a gift from Trog
 10710 | D:10     | Noticed a tengu warrior
 10719 | D:10     | Killed a tengu warrior
 10720 | D:10     | Reached skill level 11 in Fighting
 10830 | D:10     | Found the +27 Lear's hauberk
 10995 | D:10     | Found a shimmering blue altar of Sif Muna.
 11174 | D:11     | Reached skill level 5 in Dodging
 11804 | D:11     | Noticed Fannar
 11815 | D:11     | Killed Fannar
 12108 | D:11     | Noticed a six-headed hydra
 12134 | D:11     | Killed a six-headed hydra
 12866 | D:11     | Found a staircase to the Orcish Mines.
 13105 | D:12     | Noticed a two-headed ogre
 13105 | D:12     | Noticed a two-headed ogre
 13110 | D:12     | Killed a two-headed ogre
 13111 | D:12     | Reached skill level 1 in Staves
 13114 | D:12     | Killed a two-headed ogre
 13115 | D:12     | Reached skill level 1 in Evocations
 13276 | D:12     | Noticed a white ugly thing
 13282 | D:12     | Reached skill level 12 in Fighting
 13294 | D:12     | Killed a white ugly thing
 13332 | D:12     | Found Ofarri's Jewellery Emporium.
 13375 | D:12     | Reached XP level 12. HP: 41/112 MP: 11/11
 13380 | D:12     | Found a flagged portal.
 13397 | Bailey   | Entered a bailey
 13900 | D:12     | Noticed a boulder beetle
 13910 | D:12     | Killed a boulder beetle
 14086 | D:12     | Received a gift from Trog
 14353 | D:13     | Noticed a centaur warrior
 14364 | D:13     | Killed a centaur warrior
 14441 | D:13     | You are sucked into a shaft and drop 2 floors!
 14441 | D:15     | Entered Level 15 of the Dungeon
 14470 | D:15     | Found a shimmering altar of Xom.
 14473 | D:15     | Found a shimmering altar of Xom.
 14476 | D:15     | Found a shimmering altar of Xom.
 14476 | D:15     | Found a shimmering altar of Xom.
 14478 | D:15     | Found a shimmering altar of Xom.
 14544 | D:15     | Noticed a centaur warrior
 14551 | D:15     | Killed a centaur warrior
 14552 | D:15     | Reached skill level 13 in Fighting
 14671 | D:15     | Noticed a fire dragon
 14672 | D:15     | Noticed a fire dragon
 14674 | D:15     | Found a staircase to the Depths.
 14679 | D:15     | Killed a fire dragon
 14682 | D:15     | Killed a fire dragon
 15097 | D:14     | Noticed a four-headed hydra
 15098 | D:14     | Noticed a tengu warrior
 15107 | D:14     | Killed a four-headed hydra
 15114 | D:14     | Killed a tengu warrior
 15127 | D:14     | Found a frozen archway.
 15131 | D:14     | Noticed a two-headed ogre
 15143 | D:14     | Killed a two-headed ogre
 15153 | IceCv    | Entered an ice cave
 15226 | IceCv    | Reached XP level 13. HP: 123/123 MP: 12/12
 15475 | IceCv    | Reached skill level 15 in Axes
 15527 | IceCv    | Reached skill level 14 in Fighting
 15935 | IceCv    | Noticed a white draconian
 15954 | IceCv    | Killed a white draconian
 15955 | IceCv    | Reached skill level 15 in Armour
 16095 | D:14     | Found a gate to the Vaults.
 16444 | D:14     | Found a white marble altar of Elyvilon.
 16705 | D:13     | Found a snail-covered altar of Cheibriados.
 16705 | D:13     | Found Cheibriados's Comfort Zone.
 16715 | D:13     | Found Gimemn's Antique Weapon Emporium.
 16773 | D:13     | Noticed Erolcha
 16777 | D:13     | Killed Erolcha
 16909 | D:13     | Reached skill level 15 in Fighting
 17518 | Lair:1   | Entered Level 1 of the Lair of Beasts
 17614 | Lair:1   | Reached XP level 14. HP: 135/135 MP: 13/13
 18367 | Lair:2   | Found a staircase to the Swamp.
 19258 | Lair:3   | Received a gift from Trog
 20354 | Lair:4   | Reached skill level 16 in Fighting
 20722 | Lair:4   | Found a hole to the Spider Nest.
 21283 | Lair:5   | Found a staircase to the Slime Pits.
 21391 | Lair:5   | Identified the +6 battleaxe of Usothro {flame, rN+} (Trog
                  | gifted it to you on level 5 of the Lair of Beasts)
 21391 | Lair:5   | Received a gift from Trog
 22188 | Lair:6   | Entered Level 6 of the Lair of Beasts
 22358 | Lair:6   | Found a dark tunnel.
 22363 | Volcano  | Entered a volcano
 22407 | Volcano  | Reached skill level 17 in Fighting
 22407 | Volcano  | Reached XP level 15. HP: 147/147 MP: 14/14
 22442 | Volcano  | Reached ****** piety under Trog
 22473 | Volcano  | Received a gift from Trog
 23970 | Orc:1    | Entered Level 1 of the Orcish Mines
 24046 | Orc:1    | Found Siesyaph's General Store.
 24087 | Orc:1    | Bought a potion of attraction for 42 gold pieces
 24277 | Orc:2    | Entered Level 2 of the Orcish Mines
 24289 | Orc:2    | Received a gift from Trog
 24290 | Orc:2    | Found a staircase to the Elven Halls.
 24691 | Orc:2    | Reached skill level 18 in Fighting
 25141 | Orc:2    | Found Fonkyigo's Assorted Antiques.
 25144 | Orc:2    | Found Ulil's Weapon Shoppe.
 25147 | Orc:2    | Found Foimp's Weapon Emporium.
 25148 | Orc:2    | Found Hiocze's Weapon Emporium.
 25156 | Orc:2    | Bought a scroll of identify for 58 gold pieces
 25256 | Orc:2    | Found a runed translucent door.
 25257 | Orc:2    | Noticed mdk's ghost (journeyman VSMo)
 25333 | Orc:2    | Killed mdk's ghost
 25415 | Orc:1    | Noticed Jorgrun
 25427 | Orc:1    | Killed Jorgrun
 25810 | Swamp:1  | Entered Level 1 of the Swamp
 25848 | Swamp:1  | Received a gift from Trog
 26013 | Swamp:1  | Reached XP level 16. HP: 133/159 MP: 15/15
 26580 | Swamp:1  | Found a blossoming altar of Fedhas.
 27363 | Swamp:2  | Reached skill level 19 in Fighting
 28082 | Swamp:3  | Noticed Bai Suzhen
 28113 | Swamp:3  | Killed Bai Suzhen
 28290 | Swamp:3  | Noticed Nikola
 28302 | Swamp:3  | Killed Nikola
 28771 | Swamp:4  | Entered Level 4 of the Swamp
 28914 | Swamp:4  | Identified a scroll of acquirement
 28940 | Swamp:3  | Acquired 675 gold pieces
 29329 | Swamp:4  | Reached skill level 20 in Fighting
 29475 | Swamp:4  | Reached XP level 17. HP: 68/170 MP: 16/16
 29636 | Swamp:4  | Noticed a tentacled monstrosity
 29647 | Swamp:4  | Killed a tentacled monstrosity
 29693 | Swamp:4  | Got a decaying rune of Zot
 29924 | Spider:1 | Entered Level 1 of the Spider Nest
 29938 | Spider:1 | Noticed Rupert
 29944 | Spider:1 | Paralysed by Rupert for 5 turns
 29952 | Spider:1 | Killed Rupert
 29965 | Spider:1 | Received a gift from Trog
 30591 | Spider:1 | Noticed Josephine
 30599 | Spider:1 | Killed Josephine
 30709 | Spider:2 | Reached skill level 21 in Fighting
 30738 | Spider:2 | Noticed Louise
 30791 | Spider:2 | Cast into level 3 of the Abyss (Louise)
 30792 | Abyss:3  | Noticed a kraken
 30792 | Abyss:3  | Noticed a tentacled monstrosity
 30792 | Abyss:3  | Noticed a tentacled monstrosity
 30793 | Abyss:3  | Got an abyssal rune of Zot
 30846 | Abyss:3  | Found a corrupted altar of Lugonu.
 30848 | Abyss:3  | Noticed a bone dragon
 30862 | Abyss:3  | Killed a bone dragon
 30891 | Abyss:3  | Gained mutation: You occasionally shout uncontrollably at
                  | your foes. [a neqoxec]
 30903 | Abyss:3  | Gained mutation: Your spells are a little easier to cast,
                  | but a little less powerful. [a neqoxec]
 30967 | Abyss:3  | Found a corrupted altar of Lugonu.
 31003 | Spider:2 | Escaped the Abyss
 31011 | Spider:2 | Killed Louise
 31012 | Spider:2 | Noticed Donald
 31020 | Spider:2 | Killed Donald
 31964 | Spider:3 | Reached XP level 18. HP: 184/184 MP: 17/17
 32629 | Spider:3 | Reached skill level 22 in Fighting
 33132 | Spider:4 | Entered Level 4 of the Spider Nest
 33140 | Spider:4 | Received a gift from Trog
 33327 | Spider:4 | Identified the +4 halberd "Dragonslayer" {speed, MP+9
                  | Str+3}
 33853 | Spider:4 | Lost mutation: Your spells are a little easier to cast, but
                  | a little less powerful. [potion of mutation]
 33853 | Spider:4 | Lost mutation: You occasionally shout uncontrollably at
                  | your foes. [potion of mutation]
 33853 | Spider:4 | Gained mutation: Your spells are a little easier to cast,
                  | but a little less powerful. [potion of mutation]
 33853 | Spider:4 | Gained mutation: You occasionally shout uncontrollably at
                  | your foes. [potion of mutation]
 33853 | Spider:4 | Gained mutation: You are agile. (Dex +2) [potion of
                  | mutation]
 33854 | Spider:4 | Lost mutation: You are agile. (Dex +2) [potion of mutation]
 33854 | Spider:4 | Lost mutation: You occasionally shout uncontrollably at
                  | your foes. [potion of mutation]
 33854 | Spider:4 | Gained mutation: You are frail. (-10% HP) [potion of
                  | mutation]
 33855 | Spider:4 | Lost mutation: You are frail. (-10% HP) [potion of
                  | mutation]
 33855 | Spider:4 | Lost mutation: Your spells are a little easier to cast, but
                  | a little less powerful. [potion of mutation]
 33855 | Spider:4 | Gained mutation: Your movements are slightly less
                  | encumbered by armour. (ER -2) [potion of mutation]
 33855 | Spider:4 | Gained mutation: You are partially covered in iridescent
                  | scales. (AC +2) [potion of mutation]
 34042 | Spider:4 | Got a gossamer rune of Zot
 34508 | Elf:1    | Entered Level 1 of the Elven Halls
 34520 | Elf:1    | Received a gift from Trog
 34635 | Elf:1    | Found Ratsas's Magic Scroll Shop.
 34640 | Elf:1    | Bought a scroll of identify for 30 gold pieces
 34640 | Elf:1    | Bought a scroll of identify for 30 gold pieces
 34640 | Elf:1    | Bought a scroll of identify for 30 gold pieces
 34640 | Elf:1    | Bought a scroll of identify for 30 gold pieces
 34640 | Elf:1    | Bought a scroll of identify for 30 gold pieces
 34640 | Elf:1    | Bought a scroll of identify for 30 gold pieces
 34648 | Elf:1    | Paralysed by an air elemental for 1 turns
 34814 | Elf:1    | Reached skill level 1 in Shields
 34825 | Elf:1    | Reached skill level 23 in Fighting
 35070 | Elf:1    | Found Ericyl's Antique Armour Shoppe.
 35080 | Elf:1    | Bought a twisted kite shield for 370 gold pieces
 35080 | Elf:1    | Identified the +4 kite shield of Negligence {+Inv rC+
                  | Stlth-} (You bought it in a shop on level 1 of the Elven
                  | Halls)
 35118 | Elf:1    | Found Bin Zoji's Antique Weapon Boutique.
 35238 | Elf:1    | Found Peogubiph's Book Emporium.
 35319 | Elf:1    | Received a gift from Trog
 35636 | Elf:2    | Paralysed by an air elemental for 1 turns
 35920 | Elf:2    | Reached XP level 19. HP: 172/195 MP: 18/18
 36108 | Elf:2    | Found Zeraceiduu's Book Shoppe.
 36260 | Elf:2    | Found a huge runed translucent gate.
 36260 | Elf:2    | Found a huge runed translucent gate.
 36260 | Elf:2    | Found a huge runed translucent gate.
 36266 | Elf:2    | Found a huge runed translucent gate.
 36267 | Elf:2    | Found a huge runed translucent gate.
 37071 | Elf:3    | Entered Level 3 of the Elven Halls
 37112 | Elf:3    | Found Dahups's One-of-a-Kind Books.
 37300 | Elf:3    | Found Vuven's Jewellery Shoppe.
 37338 | Elf:3    | Bought the ring of Derekeed {Fly rPois rC+ rCorr Stlth+}
                  | for 560 gold pieces
 37407 | Elf:3    | Noticed a Brimstone Fiend
 37410 | Elf:3    | Received a gift from Trog
 37411 | Elf:3    | Reached skill level 5 in Shields
 37447 | Elf:3    | Reached skill level 24 in Fighting
 37971 | Elf:3    | Identified the +0 robe "Xomitra" {rPois}
 38261 | Elf:3    | Cast into level 3 of the Abyss (a ghostly deep elf
                  | sorcerer)
 38450 | Abyss:3  | Paralysed by accursed screaming for 1 turns
 38476 | Abyss:3  | Received a gift from Trog
 38531 | Abyss:3  | Reached XP level 20. HP: 52/207 MP: 19/19
 38596 | Abyss:3  | Found a shimmering altar of Xom.
 38627 | Elf:3    | Escaped the Abyss
 38658 | Elf:3    | Identified the +5 flail of War {vorpal, +Rage rElec MP+9
                  | Str-2}
 38710 | Elf:3    | Identified the +4 hunting sling "Vebroo Arip" {freeze,
                  | *Corrode rN+ Dex+2 Stlth+}
 39043 | Elf:3    | Cast into level 2 of the Abyss (a deep elf sorcerer)
 39047 | Elf:3    | Escaped the Abyss
 39243 | Vaults:1 | Entered Level 1 of the Vaults
 39713 | Vaults:1 | Reached skill level 25 in Fighting
 40162 | Vaults:1 | Found Ikoekkeci's Jewellery Shop.
 40193 | Vaults:1 | Found Assoimou's Book Shoppe.
 40507 | Vaults:1 | Paralysed by a sphinx for 3 turns
 40629 | Vaults:1 | Received a gift from Trog
 40989 | Vaults:2 | Found a staircase to the Crypt.
 42181 | Vaults:3 | Paralysed by a sphinx for 7 turns
 42185 | Vaults:3 | HP: 10/211 [peacekeeper (21)]
 42186 | Vaults:3 | Mangled by a peacekeeper

Illustrated notes

Levels and vault maps discovered:
D:1:      psy_arrival_whirlpool, layout_basic, ebering_ecumenical_altar_ruins
D:2:      layout_loops_cross, kennysheep_generic_room_3
D:3:      layout_basic, lemuel_crystal_altar, uniq_natasha
D:4:      layout_gridville, lemuel_mausoleum_altar_yredelemnul,
          nicolae_vehumet_radiance
D:5:      layout_loops_corners, temple_pool_b, gammafunk_ghost_hive
D:6:      layout_cave_pods, sigmund_army, uniq_crazy_yiuf_cottage
D:7:      layout_loops_ring, grunt_temple_overflow_forces_of_nature,
          kennysheep_little_box, uniq_menkaure, uniq_harold
D:8:      layout_gridville, lemuel_tele_altar, lemuel_doored_altar,
          gammafunk_temple_overflow_wave, jmf_multi_god_temple,
          grunt_lair_entry_orc_guard_hut, guppyfry_shop_venom,
          uniq_prince_ribbit1
D:9:      layout_long_grid
D:10:     layout_cave_pools, tgw_sif, hellmonk_guarded_unrand_lears, uniq_urug
D:11:     layout_layer_cave, erik_orc_2, minivault_4, uniq_fannar
D:12:     layout_rooms, serial_shops, nicolae_shop_statue_plus, enter_bailey_5
D:13:     layout_basic, serial_shops, nicolae_shop_waterfront, minmay_shop_chei,
          uniq_erolcha
D:14:     layout_rooms, david_vaults_1, portal_ice_cave_entry_ice_beasts,
          elyvilon_altar_1
D:15:     grunt_enter_depths_hoard, layout_basic, xom_redecorated
Lair:1:   layout_gridlike
Lair:2:   layout_regular_city, swamp_mist_pool, st_stairs_10,
          infiniplex_staircase_pool_2, minmay_lair_oklob_chamber,
          grunt_megastairs_1
Lair:3:   layout_gridlike
Lair:4:   layout_gridlike, nicolae_spider_entry_orb_guardian,
          eino_house_with_fridge
Lair:5:   nzn_winding_woodlands_medium [nzn_winding_woodlands_5x5_default,
          nzn_winding_woodlands_5x15_jagged, nzn_winding_woodlands_5x5_three,
          nzn_winding_woodlands_5x5_closed_star,
          nzn_winding_woodlands_center_diamonds,
          nzn_winding_woodlands_5x5_checkerboard,
          nzn_winding_woodlands_5x5_cross,
          nzn_winding_woodlands_5x15_pathside_ponds,
          nzn_winding_woodlands_5x5_perimeter], layout_regular_city, slime_dummy
Lair:6:   evilmike_catoblepas_cave, layout_regular_city, enter_volcano_4
Swamp:1:  layout_basic_swamp, serial_swamp_ruin, hangedman_swamp_ruin_wall,
          evilmike_swamp_ruin_rubble_2, swamp_pool2, nicolae_swamp_godswood,
          nicolae_swamp_feature_on_the_river_bank
Swamp:2:  layout_basic_swamp, evilmike_swamp_ruin_house_1,
          infiniplex_staircase_pool
Swamp:3:  layout_basic_swamp, evilmike_swamp_ruin_house_2, uniq_bai_suzhen,
          uniq_nikola
Swamp:4:  swamp_vile, layout_basic_swamp, swamp_pool5,
          nicolae_swamp_some_circles
Spider:1: layout_spider_delve, nicolae_spider_moth_buddies, uniq_josephine,
          uniq_rupert
Spider:2: layout_spider_delve, uniq_louise, uniq_donald
Spider:3: layout_chambers, drop_trap, hangedman_spider_tarantella_strand,
          nicolae_spider_cling_halls
Spider:4: guppyfry_spider_rune, guppyfry_hornet_nest
Orc:1:    layout_caves, serial_shops, shop, uniq_jorgrun
Orc:2:    st_orc_pillars, layout_caves, gammafunk_ghost_grave
Elf:1:    layout_loops_cross, serial_shops, shop, shop_fountains, shop_statue,
          nicolae_shop_statue_plus, hangedman_elven_crosses_minicolossus,
          item_on_display_a
Elf:2:    layout_loops_ring, serial_shops, shop, minmay_elf_annihilation
Elf:3:    minmay_elf_hall_circle, layout_onion_city, serial_shops, shop,
          nicolae_rare_books, lemuel_flamethrower_3
Vaults:1: ontoclasm_vaults_spin, ontoclasm_vaults_shuriken, v_misc_2,
          vaults_room_pools, nicolae_vaults_little_squares_2, vaults_room_grid,
          nicolae_vaults_little_squares_3, nicolae_vaults_quartermaster,
          nicolae_vaults_shelves_hall, hangedman_vaults_maws,
          layout_vaults_quadrants, serial_shops, shop_fountains, shop
Vaults:2: nicolae_vaults_hallways_thing, nicolae_vaults_network_star,
          hangedman_vaults_capsules, grunt_vaults_twisty, v_alt_pattern_4,
          minmay_crypt_entry_vampire_xt, ontoclasm_vaults_gateway,
          nicolae_vaults_display_case, layout_vaults_big_cross
Vaults:3: v_misc_23, nicolae_vaults_network_s, nicolae_vaults_what_the_h,
          nicolae_vaults_murderbox, v_misc_27, hangedman_vaults_cutoff,
          vaults_room_pools, ontoclasm_vaults_ring_small,
          ontoclasm_vaults_hangar, layout_vaults_chaotic_city

Skill      XL: |  1  2  3  4  5  6  7  8  9 10 11 12 13 14 15 16 17 18 19 20 |
---------------+-------------------------------------------------------------+-----
Fighting       | 4 5 6 7 9 10 12 13 15 17 18 20 21 23 24 25 | 25.5
Axes           | 4 5 6 7 8 10 11 13 14 16 17 19 20 21 22 | 22.5
Armour         | 3 4 6 9 12 13 14 15 16 17 18 19 20 21 | 21.7
Dodging        | 3 4 5 6 |  6.6
Stealth        | 1 2 3 |  3.2
Staves         | 1 2 3 |  3.0
Evocations     | 1 2 |  2.0
Shields        | 2 6 8 |  8.6

Action                   |  1- 3 |  4- 6 |  7- 9 | 10-12 | 13-15 | 16-18 | 19-21 || total
-------------------------+-------+-------+-------+-------+-------+-------+-------++-------
Melee: Hand axe          |   101 |   124 |   227 |       |       |       |       ||   452
       Headbutt          |    14 |    24 |    58 |   106 |   203 |   233 |   211 ||   849
       War axe           |       |       |    18 |   331 |       |       |       ||   349
       Quarterstaff      |       |       |       |    25 |       |       |       ||    25
       Battleaxe         |       |       |       |    73 |   877 |   888 |       ||  1838
       Broad axe         |       |       |       |       |       |   216 |   770 ||   986
Invok: Berserk           |     2 |     4 |    10 |    10 |    12 |    14 |     9 ||    61
       Trog's Hand       |       |     1 |     2 |     2 |     3 |     9 |     7 ||    24
       Brothers in Arms  |       |       |       |     1 |     4 |    10 |     7 ||    22
Evoke: Wand              |       |       |       |    22 |       |     1 |       ||    23
       Box of beasts     |       |       |       |       |       |       |     1 ||     1
  Use: Potion            |       |       |     1 |     1 |     1 |    13 |     3 ||    19
       Scroll            |       |       |       |    11 |    11 |    13 |     3 ||    38
 Stab: Sleeping          |       |     1 |     1 |       |       |       |       ||     2
       Petrified         |       |       |       |       |     1 |       |       ||     1
Armor: Animal skin       |    30 |    22 |    20 |       |       |       |       ||    72
       Plate armour      |       |       |    74 |   352 |   563 |  1006 |   557 ||  2552
Dodge: Dodged            |    85 |    73 |   118 |   261 |   347 |   497 |   258 ||  1639
Block: Kite shield       |       |       |       |       |       |    81 |   381 ||   462
       Reflection        |       |       |       |       |       |    12 |    35 ||    47

Table legend: (Time is in decaauts)
 A = Elapsed time spent in this place.
 B = Non-inter-level travel time spent in this place.
 C = Inter-level travel time spent in this place.
 D = Time resting spent in this place.
 E = Time spent auto-exploring this place.
 F = Levels seen in this place.
 G = Mean time per level.
                   A        B        C        D        E       F      G
               +--------+--------+--------+--------+--------+-----+--------+
         Total |  42637 |  39187 |   3450 |   3480 |  27635 |  43 |  991.6 |
       Dungeon |  17112 |  15736 |   1376 |   2329 |  11150 |  15 | 1140.8 |
          Lair |   6642 |   5765 |    877 |    438 |   4413 |   6 | 1107.0 |
         Swamp |   3918 |   3657 |    261 |    183 |   2702 |   4 |  979.5 |
   Spider Nest |   4028 |   3747 |    281 |     70 |   2793 |   4 | 1007.0 |
  Orcish Mines |   1731 |   1443 |    288 |    106 |   1016 |   2 |  865.5 |
   Elven Halls |   4285 |   4067 |    218 |    112 |   2546 |   3 | 1428.3 |
        Vaults |   2896 |   2751 |    145 |     23 |   2214 |   3 |  965.3 |
         Abyss |    548 |    548 |      0 |     26 |    199 |   3 |  182.7 |
        Bailey |    421 |    421 |      0 |      0 |    270 |   1 |  421.0 |
      Ice Cave |    875 |    875 |      0 |    191 |    282 |   1 |  875.0 |
       Volcano |    177 |    177 |      0 |      0 |     47 |   1 |  177.0 |
               +--------+--------+--------+--------+--------+-----+--------+

Top non-repeatable levels by time:
    D:11: 2314 daAuts
     D:4: 1818 daAuts
   Elf:3: 1632 daAuts
Vaults:1: 1620 daAuts
     D:5: 1596 daAuts
   Elf:2: 1520 daAuts
Spider:3: 1391 daAuts
     D:9: 1366 daAuts
Vaults:2: 1261 daAuts
  Lair:2: 1249 daAuts
  Lair:3: 1242 daAuts
     D:6: 1218 daAuts
   Orc:2: 1184 daAuts
     D:8: 1169 daAuts
   Elf:1: 1132 daAuts
